AoeStats
← Le_Web

Nomad

510324234Analyzed
3v3 RM · 2d ago on Sep 30, 2026· 58m 12s· 6 players
Game mode
Random Map
Map size
210×210
Population
200
Speed
Normal
Resources
Standard
Victory
Conquest
Starting age
Dark Age
Ending age
Imperial Age
RankedLock teamsTeams togetherTeam positionsShared explorationLock speedFull tech treeHidden civsTurbo modeCheats
Victory
Defeat
🇦🇷 Goths · Argentina
854
+14
🇭🇰 Huns · Hong Kong SAR China
833
+15
🇭🇰 Varangians · Hong Kong SAR China
695
+22
🇫🇷 Varangians · France
854
-19
🇫🇷 Lithuanians · France
811
-17
🇫🇷 Bulgarians · France
757
-15
Le_Web
15:45 Feudal Age
16:12 Double-Bit Axe
16:19 Fishing Lines
17:19 Wheelbarrow
18:52 Horse Collar
19:23 Stone Mining
19:27 Gold Mining
19:44 Loom
19:47 Town Watch
21:26 Arson
21:55 Forging
21:45 Scale Mail Armor
24:24 Bloodlines
25:05 Scale Barding Armor
26:09 Stone Mining
34:56 Castle Age
35:55 Bow Saw
36:02 Gambesons
38:29 Squires
38:03 Light Cavalry
38:59 Gillnets
39:39 Heavy Plow
39:37 Pikeman
41:49 Chain Mail Armor
42:09 Iron Casting
43:47 Stone Shaft Mining
44:25 Hand Cart
46:40 Iron Casting
48:32 Stirrups
55:30 Ballistics
55:03 Heated Shot
Cailloux
15:35 Feudal Age
16:37 Double-Bit Axe
17:33 Wheelbarrow
16:42 Fishing Lines
18:34 Scale Barding Armor
18:52 Forging
21:27 Gold Mining
22:27 Horse Collar
23:48 Stone Mining
27:20 Castle Age
27:39 Bloodlines
27:39 Scale Mail Armor
28:29 Chain Barding Armor
28:26 Hand Cart
28:23 Bow Saw
28:14 Pikeman
28:54 Squires
29:11 Gillnets
29:57 Husbandry
29:19 Light Cavalry
32:01 Iron Casting
39:05 Heavy Plow
44:44 Imperial Age
42:11 Town Watch
42:13 Loom
44:38 Treadmill Crane
45:19 Ballistics
45:46 Elite Leitis
49:11 Plate Barding Armor
50:23 Two-Man Saw
52:44 Winged Hussar
a real manatee
14:51 Feudal Age
15:26 Double-Bit Axe
15:48 Fishing Lines
20:36 Bloodlines
22:20 Wheelbarrow
24:58 Castle Age
25:22 Man-at-Arms
25:48 Arson
26:13 Scale Barding Armor
26:09 Scale Mail Armor
26:20 Forging
26:01 Fletching
26:12 Padded Archer Armor
26:34 Hand Cart
26:57 Bow Saw
26:53 Pikeman
27:34 Squires
27:20 Gambesons
27:34 Horse Collar
29:43 Gold Mining
29:46 Stone Mining
32:29 Heavy Plow
32:52 Gillnets
39:27 Chain Mail Armor
39:33 Chain Barding Armor
39:50 Iron Casting
41:48 Imperial Age
39:14 Town Watch
41:33 Vendel Legacy
42:23 Capped Ram
42:29 Elite Varangian Guard
49:29 Conscription
48:29 Gothikon
49:22 Siege Ram
50:44 Elite Longship
53:13 Town Patrol
57:33 Murder Holes
58:29 Plate Mail Armor
Viejo_Lobo_17
4:23 Loom
17:09 Feudal Age
18:27 Double-Bit Axe
19:21 Wheelbarrow
22:21 Castle Age
20:59 Horse Collar
21:11 Stone Mining
21:11 Gold Mining
22:41 Man-at-Arms
23:48 Squires
24:01 Forging
27:26 Iron Casting
28:38 Hand Cart
31:56 Stone Shaft Mining
31:14 Gold Mining
31:33 Long Swordsman
32:50 Pikeman
41:57 Imperial Age
39:38 Heavy Plow
40:25 Anarchy
43:31 Perfusion
43:52 Conscription
44:03 Halberdier
47:03 Crop Rotation
49:54 Elite Huskarl
53:57 Capped Ram
54:34 Two-Handed Swordsman
老歪
3:51 Loom
16:26 Feudal Age
17:58 Fishing Lines
20:50 Castle Age
22:04 Pikeman
23:13 Forging
23:56 Double-Bit Axe
25:37 Gillnets
27:48 Husbandry
27:59 Bloodlines
28:43 Wheelbarrow
28:03 Gold Mining
29:58 Fletching
31:15 Hand Cart
31:04 Horse Collar
32:57 Bow Saw
37:17 Imperial Age
36:49 Murder Holes
37:16 Ballistics
37:17 Stone Mining
38:42 Squires
39:54 Scale Mail Armor
42:48 Stone Shaft Mining
45:21 Elite Varangian Guard
50:16 Bodkin Arrow
51:02 Iron Casting
54:49 Blast Furnace
54:04 Chain Mail Armor
54:39 Chain Mail Armor
56:36 Conscription
LQuan
14:20 Feudal Age
14:58 Double-Bit Axe
14:59 Horse Collar
21:45 Castle Age
20:12 Gold Mining
21:59 Loom
24:32 Bow Saw
31:27 Wheelbarrow
32:25 Gold Shaft Mining
31:48 Pikeman
34:53 Squires
39:36 Forging
39:34 Scale Mail Armor
39:25 Fletching
40:37 Arson
41:32 Heavy Plow
41:08 Elite Skirmisher
41:54 Thumb Ring
45:01 Imperial Age
43:13 Ballistics
44:02 Bodkin Arrow
46:08 Conscription
46:41 Iron Casting
46:21 Chain Mail Armor
46:08 Bracer
46:08 Padded Archer Armor
47:11 Chemistry
47:42 Two-Man Saw
46:51 Halberdier
50:21 Blast Furnace
51:19 Scale Barding Armor
51:30 Leather Archer Armor
52:49 Chain Barding Armor
52:36 Husbandry
52:46 Bloodlines
51:57 Cavalier
54:41 Paladin
Connection lost

Rejoining the realm…

Still unreachable

The connection could not be restored.

Session expired

The server has moved on; the page needs a fresh start.